 Dungeon Sprint DCSS version 0.29-a0-320-g9f8742066b (webtiles) character file.

Game seed: 1507995135802115052

212 mhtbhm the Protected (level 5, -1/53 HPs)
             Began as a Minotaur Fighter on Apr 2, 2022.
             Was an Initiate of Okawaru.
             Slain by a troll (7 damage)
             ... in the Dungeon (Sprint IX: "|||||||||||||||||||||||||||||").
             The game lasted 00:00:43 (238 turns).

mhtbhm the Protected (Minotaur Fighter)              Turns: 238, Time: 00:00:44

Health: -1/53      AC: 15    Str: 26    XL:     5   Next: 58%
Magic:  4/5        EV:  7    Int:  5    God:    Okawaru [......]
Gold:   0          SH:  0    Dex: 12    Spells: 4/4 levels left

rFire   . . .      SeeInvis .   a - +2 halberd (venom)
rCold   . . .      Faith    .   (shield currently unavailable)
rNeg    . . .      Spirit   .   b - +0 plate armour
rPois   .          Reflect  .   (helmet restricted)
rElec   .          Harm     .   m - +0 cloak
rCorr   .          Rampage  .   (no gloves)
Will    .....      NoTele   +   (no boots)
Stlth   ..........              (no amulet)
HPRegen 0.17/turn               n - +3 ring of strength
MPRegen 0.09/turn               o - +3 ring of dexterity

@: no status effects
A: horns 2, retaliatory headbutt
a: Renounce Religion


You were in the Dungeon.
You worshipped Okawaru.
Okawaru was noncommittal.
You visited 1 branch

Inventory:

Hand Weapons
 a - a +2 halberd of venom (weapon)
Armour
 b - a +0 plate armour (worn)
 c - a +0 buckler
 m - a +0 cloak (worn)
Jewellery
 n - a +3 ring of strength (left hand)
 o - a +3 ring of dexterity (right hand)
Wands
 l - a wand of iceblast (10)
Scrolls
 j - 2 scrolls of blinking
 k - 2 scrolls of amnesia
Potions
 d - a potion of might
 e - a potion of invisibility
 f - 2 potions of heal wounds
 g - a potion of haste
 h - 4 potions of magic
 i - 4 potions of curing


   Skills:
 + Level 8.0 Fighting
 + Level 5.5 Polearms
 + Level 8.5 Armour
 + Level 0.3 Dodging
 + Level 8.0 Shields
 * Level 1.8 Invocations


You had 4 spell levels left.
You didn't know any spells.
Your spell library was empty.

Dungeon Overview and Level Annotations

Branches:
Dungeon (1/1)

Altars:
Cheibriados
Dithmenos
Elyvilon
Fedhas
Gozag
Hepliaklqana
Kikubaaqudgha
Makhleb
Nemelex Xobeh
Okawaru
Qazlal
Ru
Sif Muna
Trog
Uskayaw
Vehumet
Wu Jian
Xom
Yredelemnul
Zin
The Shining One
Beogh
Jiyva
Lugonu


Innate Abilities, Weirdness & Mutations

You have a pair of horns on your head.
You reflexively headbutt those who attack you in melee.


Message History

The wight is moderately damaged.
The wight hits you with a +3 dagger.
You completely miss the wight. You headbutt the wight!
The wight is severely damaged.
The wight hits you but does no damage.
You closely miss the wight.
You headbutt the wight, but do no damage.
The wight is severely damaged.
The wight hits you with a +3 dagger.
You impale the wight!!
You destroy the wight!
Okawaru accepts your kill. The troll bites you but does no damage.
The troll claws you. The troll barely misses you.
Your life force feels restored.
Your Fighting skill increases to level 8!
Your Armour skill increases to level 8!
Your Shields skill increases to level 8!
Your Invocations skill increases to level 1!
Unknown command.
Unknown command.
Okay, then.
You feel much better. The troll bites you but does no damage.
The troll barely misses you. The troll claws you but does no damage.
You closely miss the troll. The troll bites you. The troll claws you. x2
You puncture the troll!
The troll is moderately wounded.
The troll barely misses you. The troll claws you but does no damage.
The troll claws you!
You closely miss the troll. You headbutt the troll!
The troll is heavily wounded.
The troll bites you but does no damage. The troll claws you.
The troll claws you but does no damage.
You closely miss the troll.
The troll is heavily wounded.
The troll bites you! The troll claws you. The troll completely misses you.
The troll bites you!
* * * LOW HITPOINT WARNING * * *
The troll claws you but does no damage. The troll claws you!
You die... ▓▓▓▓▓▓▓▓▓▓▓▓▓▓▓▓▓▓▓▓▓▓▓▓ _______'..).[[..@TzWy9.. ▓▓▓▓▓▓▓▓▓▓▓▓▓▓▓▓▓▓▓▓▓▓▓▓

You could see a troll, a wraith, a vampire mosquito, a gargoyle and a wight.

Vanquished Creatures
  2 scorpions (D)
  A wight (D)
  A gnoll shaman (D)
  An adder (D)
  An orc (D)
  A giant cockroach (D)
  A ball python (D)
  2 kobolds (D)
  A rat (D)
11 creatures vanquished.

Notes
Turn   | Place    | Note
-------+----------+-------------------------------------------
     0 | D        | mhtbhm the Minotaur Fighter began the quest for the Orb.
     0 | D        | Reached XP level 1. HP: 19/19 MP: 0/0
    16 | D        | Noticed a scorpion
    16 | D        | Noticed a gnoll shaman
    16 | D        | Noticed a scorpion
    26 | D        | Reached XP level 2. HP: 18/28 MP: 1/1
    27 | D        | Killed a scorpion
    28 | D        | Reached XP level 3. HP: 38/38 MP: 2/2
    28 | D        | Reached XP level 4. HP: 44/45 MP: 3/3
    36 | D        | Killed a scorpion
    37 | D        | Reached skill level 5 in Polearms
    37 | D        | Reached XP level 5. HP: 45/52 MP: 4/4
    43 | D        | Found a snail-covered altar of Cheibriados.
    43 | D        | Found a shadowy altar of Dithmenos.
    43 | D        | Found a white marble altar of Elyvilon.
    43 | D        | Found a blossoming altar of Fedhas.
    43 | D        | Found an opulent altar of Gozag.
    44 | D        | Found a hazy altar of Hepliaklqana.
    45 | D        | Found a viscous altar of Jiyva.
    46 | D        | Found an ancient bone altar of Kikubaaqudgha.
    47 | D        | Found a corrupted altar of Lugonu.
    48 | D        | Found a burning altar of Makhleb.
    49 | D        | Found a sparkling altar of Nemelex Xobeh.
    50 | D        | Found an iron altar of Okawaru.
    51 | D        | Found a stormy altar of Qazlal.
    63 | D        | Found a sacrificial altar of Ru.
    64 | D        | Found a shimmering blue altar of Sif Muna.
    65 | D        | Found a bloodstained altar of Trog.
    74 | D        | Found a hide-covered altar of Uskayaw.
    75 | D        | Found a radiant altar of Vehumet.
    76 | D        | Found an ornate altar of the Wu Jian Council.
    77 | D        | Became a worshipper of Warmaster Okawaru
    78 | D        | Found a shimmering altar of Xom.
    79 | D        | Found a basalt altar of Yredelemnul.
    80 | D        | Found a glowing silver altar of Zin.
    81 | D        | Found a glowing golden altar of the Shining One.
   225 | D        | Noticed a troll
   225 | D        | Noticed a wraith
   225 | D        | Noticed a vampire mosquito
   225 | D        | Noticed a gargoyle
   234 | D        | Reached skill level 1 in Invocations
   238 | D        | Slain by a troll

Illustrated notes

Levels and vault maps discovered:
D:        linesprint [early_d, line_temple, items_1, d_10, items_2, lair_1,
          lair_end, items_3, orc_1, orc_end, items_4, d_15, swamp_1, shoals_1,
          snake_1, spider_1, d_20, vaults_1, items_5, swamp_end, shoals_end,
          snake_end, spider_end, vaults_end, d_27, items_6, zot_1, zot_end,
          crypt_end, forest_end, elf_end, slime_end, tomb_end, abyss_end,
          pan_hell_end]

Skill      XL: |  1  2  3  4  5 |
---------------+----------------+-----
Fighting       | 4 6 7 8 |  8.0
Armour         | 4 6 7 8 |  8.5
Shields        | 4 6 7 8 |  8.0
Polearms       | 3 4 5 |  5.5
Invocations    | 1 |  1.8
Dodging        | |  0.3

Action                   |  1- 3 |  4- 6 || total
-------------------------+-------+-------++-------
Melee: Trident           |    15 |     9 ||    24
       Headbutt          |     1 |     6 ||     7
       Halberd           |       |    12 ||    12
  Use: Potion            |     2 |     1 ||     3
Armor: Scale mail        |     5 |     2 ||     7
       Plate armour      |       |     9 ||     9
Dodge: Dodged            |     7 |     6 ||    13

Table legend: (Time is in decaauts)
 A = Elapsed time spent in this place.
 B = Non-inter-level travel time spent in this place.
 C = Inter-level travel time spent in this place.
 D = Time resting spent in this place.
 E = Time spent auto-exploring this place.
 F = Levels seen in this place.
 G = Mean time per level.
                   A        B        C        D        E       F      G
               +--------+--------+--------+--------+--------+-----+--------+
         Total |    249 |    249 |      0 |    114 |      8 |   1 |  249.0 |
       Dungeon |    249 |    249 |      0 |    114 |      8 |   1 |  249.0 |
               +--------+--------+--------+--------+--------+-----+--------+

Top non-repeatable levels by time:
       D: 249 daAuts
